 Dungeon Crawl Stone Soup version 0.17-a0-1646-geb1493d (webtiles) character file.

128877 Murumi the Peltast (level 17, -18/136 HPs)
             Began as a Formicid Fighter on Aug 9, 2015.
             Was the Champion of Elyvilon.
             Killed from afar by a frost giant (48 damage)
             ... with a bolt of cold
             ... on level 14 of the Dungeon.
             The game lasted 02:58:56 (35067 turns).

Murumi the Peltast (Formicid Fighter)              Turns: 35067, Time: 02:59:00

Health: -18/136    AC: 27    Str: 28    XL:     17   Next: 60%
Magic:  28/28      EV: 14    Int: 10    God:    Elyvilon [******]
Gold:   2098       SH: 21    Dex: 10    Spells: 0 memorised, 16 levels left

rFire  + + .     SeeInvis +     w - +7 great sword "Azem" {slice, *Contam rF++ Str+2}
rCold  . . .     Clarity  .     C - +2 plate armour {rPois}
rNeg   . . .     SustAt   .     N - +0 large shield
rPois  +         Gourm    .     (helmet unavailable)
rElec  .         Spirit   .     Y - +1 cloak "Jyqedd" {MR+}
rCorr  .         Warding  .     E - +2 pair of gloves
rMut   .         Stasis   +     Q - +2 pair of boots
MR     ++...                    (no amulet)
Stlth  ..........               p - +3 ring of evasion
                                n - +2 ring of strength

@: studying Air Magic, very resistant to hostile enchantments, extremely
unstealthy
A: permanent stasis, dig shafts and tunnels, four strong arms, antennae 3, weak
1, wild magic 1
a: Dig, Shaft Self, Lesser Healing, Divine Protection, Heal Other, Purification,
Greater Healing, Divine Vigour, Renounce Religion


You were on level 14 of the Dungeon.
You worshipped Elyvilon.
Elyvilon was exalted by your worship.
You were not hungry.

You visited 5 branches of the dungeon, and saw 28 of its levels.
You also visited: Labyrinth.

You collected 3057 gold pieces.
You spent 959 gold pieces at shops.

Inventory:

Hand weapons
 q - a +1 arbalest of freezing
 w - the +7 great sword "Azem" (weapon) {slice, *Contam rF++ Str+2}
   (You acquired it on level 5 of the Dungeon)

   It inflicts extra damage upon your enemies.
   It affects your strength (+2).
   It greatly protects you from fire.
   It causes magical contamination when unequipped.
Missiles
 v - 290 bolts
 R - 23 bolts of flame
 V - 16 silver bolts
Armour
 C - a +2 plate armour of poison resistance (worn)
 E - a +2 pair of gloves (worn)
 N - a +0 large shield (worn)
 Q - a +2 pair of boots (worn)
 Y - the +1 cloak "Jyqedd" (worn) {MR+}
   (You found it on level 12 of the Dungeon)

   It affects your resistance to hostile enchantments.
Jewellery
 c - an uncursed ring of magical power
 g - an uncursed ring of protection from fire
 n - a +2 ring of strength (left hand)
 p - a +3 ring of evasion (right hand)
 u - an uncursed ring of protection from magic
 H - an uncursed ring of magical power
 T - an uncursed ring of protection from fire
 W - an uncursed ring of positive energy
Magical devices
 h - a wand of disintegration (23)
 y - a wand of frost (23)
 z - a wand of lightning (10)
 K - a wand of disintegration (4)
 L - a wand of teleportation (4)
 O - a wand of lightning (4)
Scrolls
 a - 4 scrolls of enchant weapon
 f - 8 scrolls of identify
 m - 7 scrolls of remove curse
 r - 4 scrolls of magic mapping
 x - 5 scrolls of fear
 A - 6 scrolls of amnesia
 D - 3 scrolls of enchant armour
 I - 3 scrolls of fog
 M - 6 scrolls of recharging
Potions
 d - 2 potions of magic
 e - 4 potions of lignification
 j - 6 potions of heal wounds
 k - a potion of agility
 l - 3 potions of ambrosia
 s - 7 potions of brilliance
 F - 2 potions of flight
 G - 9 potions of curing
 S - a potion of cancellation
Books
 P - a manual of Air Magic
Comestibles
 b - 13 meat rations
 i - 2 chunks of flesh
 o - 18 bread rations
 t - 30 royal jellies
 B - 55 fruits
 J - 3 slices of pizza
 U - 2 beef jerkies


   Skills:
 - Level 13.0 Fighting
 + Level 11.0 Long Blades
 - Level 10.0 Crossbows
 - Level 13.0 Armour
 - Level 9.0 Dodging
 - Level 16.0 Shields
 - Level 15.0 Invocations


You had 16 spell levels left.
You didn't know any spells.

Dungeon Overview and Level Annotations

Branches:
Dungeon (14/15)            Temple (1/1) D:6            Lair (8/8) D:8
 Shoals (0/4) Lair:5        Snake (1/4) Lair:4        Slime (0/6) Lair:8
    Orc (4/4) D:9             Elf (0/3) Orc:4        Vaults (0/5) D:13

Altars:
Ashenzari
Cheibriados
Dithmenos
Elyvilon
Fedhas
Gozag
Kikubaaqudgha
Makhleb
Nemelex Xobeh
Okawaru
Qazlal
Ru
Sif Muna
Trog
Vehumet
Xom
Yredelemnul
Zin
The Shining One
Beogh

Shops:
D:11 ((}[[   Orc:4 :?%(

Portals:
Trove: D:11 (give 11 potions of heal wounds)

Annotations:
Orc:2 1 runed door


Innate Abilities, Weirdness & Mutations

You are under a permanent stasis effect.
You can dig through walls and to a lower floor.
Your four strong arms can wield two-handed weapons with a shield.
You have a pair of large antennae on your head (SInv).
You are weak. (Str -2)
Your spells are a little harder to cast, but a little more powerful.


Message History

The frost giant is heavily wounded.
You block the frost giant's attack.
You barely miss the frost giant.
The frost giant is heavily wounded.
The frost giant hits you with a battleaxe of freezing!
The frost giant freezes you.
You slice the frost giant!!
The frost giant is severely wounded.
You hit the frost giant.
The frost giant is severely wounded.
The frost giant gestures at you while chanting.
The bolt of cold misses you.
You slash the frost giant!
The frost giant is almost dead.
The frost giant points at you and mumbles some strange words.
The bolt of cold hits you!
* * * LOW HITPOINT WARNING * * *
The frost giant gestures at you while chanting.
The bolt of cold hits you!
You die...

###############.'........#
#.# #######<.......# #.#
#.....(......+## #.#
#..[.######...# #.# #.)..#
##..# ##'#######.8'8# #..#
##.......##.#)######.#.?#
.'.......#..#..'.....#..#
##....<..#..#..'@C...#..#
#.....(.+..#.######.#.##
#..........8'8# #.#
######'##.....# ##.#
##..##.....######..#
#..###.............# #
#.## #...########'## # #.#
##### #..# # ###.######
########.##


You could see a frost giant.

Vanquished Creatures
  Gastronok (Lair:1)
  Kirke (D:14)
  2 orc warlords
  A vampire knight (D:14)
  A minotaur (Lab)
  The ghost of Murumi the Blocker, a powerful FoFi of Elyvilon (Orc:4)
  4 vault guards (D:13)
  Erolcha (D:8)
  3 catoblepae (Lair:8)
  4 naga warriors (Snake:1)
  Erica (D:10)
  An anaconda (Snake:1)
  6 centaur warriors
  A tengu warrior (D:13)
  21 death yaks
  2 shock serpents (Snake:1)
  2 naga sharpshooters (Snake:1)
  Urug (Orc:2)
  7 orc high priests
  9 sea snakes (Snake:1)
  2 unseen horrors
  A naga ritualist (Snake:1)
  Pikel (D:9)
  A flayed ghost (D:14)
  4 orc knights
  4 hill giants
  4 mana vipers (Snake:1)
  A manticore (Lair:6)
  2 griffons
  7 ugly things
  6 orc sorcerers (Orc:4)
  2 salamanders (Snake:1)
  2 sirens (Lair:5)
  3 cyclopes
  Maurice (Orc:2)
  18 black mambas
  3 gargoyles
  Joseph (D:8)
  A centaur zombie (D:12)
  4 elephants (Lair:5)
  A torpor snail (Lair:4)
  5 naga magi (Snake:1)
  12 spiny frogs
  5 komodo dragons
  An efreet (D:13)
  5 fire drakes
  A polar bear (Lair:5)
  7 trolls
  2 trapdoor spider zombies
  A hornet zombie (D:14)
  9 blink frogs
  A boulder beetle (Lair:7)
  A queen bee (D:13)
  4 two-headed ogres
  Sigmund (D:6)
  A shadow (D:11)
  2 deep elf fighters (D:12)
  4 basilisks
  7 wyverns
  Grum (D:8)
  A deep elf mage (D:10)
  25 hippogriffs
  7 hungry ghosts
  32 yaks
  13 water moccasins
  5 wargs
  9 nagas (Snake:1)
  A soldier ant (D:13)
  35 wolves
  15 porcupines
  68 orc warriors
  2 black bears
  4 ice beasts
  A phantom (D:14)
  A necrophage (D:12)
  11 centaurs
  2 sky beasts
  17 ogres
  2 wasps (D:12)
  15 crocodiles
  A big kobold (D:12)
  19 giant frogs
  6 scorpions
  36 killer bees
  5 electric eels
  4 wights (D:8)
  4 giant frog zombies
  A wasp zombie (D:8)
  7 hounds
  6 crimson imps
  4 centaur skeletons
  5 jellies
  39 orc wizards
  A quasit (D:4)
  Crazy Yiuf (D:5)
  A giant frog skeleton (D:7)
  48 orc priests
  6 worker ants
  A hell rat (D:8)
  7 iguanas
  A killer bee zombie (D:8)
  31 sheep
  2 hound skeletons
  A worker ant zombie (D:11)
  9 adders
  44 river rats
  12 gnolls
  2 shadow imps
  3 adder skeletons
  2 adder zombies (D:9)
  7 oozes
  3 worms
  7 giant geckos
  342 orcs
  A ball python (D:4)
  8 bats
  5 giant cockroaches
  8 hobgoblins
  9 jackals
  8 quokkas
  7 giant newts
  7 goblins
  15 kobolds
  10 rats
1221 creatures vanquished.

Vanquished Creatures (others)
  2 hydras
  An ugly thing (D:13)
  A hippogriff (Lair:6)
  A hungry ghost (D:13)
  A sky beast (D:13)
  An orc warrior (D:13)
  An ogre (D:9)
  2 centaurs
  A wyvern skeleton (D:13)
  A worker ant (D:9)
  2 orcs (Orc:4)
  A quokka skeleton (D:6)
  A bush (Lair:8)
  30 fungi
  19 plants
65 creatures vanquished.

Grand Total: 1286 creatures vanquished

Notes
Turn   | Place    | Note
--------------------------------------------------------------
     0 | D:1      | Murumi the Formicid Fighter began the quest for the Orb.
     0 | D:1      | Reached XP level 1. HP: 18/18 MP: 1/1
    32 | D:1      | Reached skill level 4 in Shields
    47 | D:1      | Reached XP level 2. HP: 20/24 MP: 2/2
    72 | D:1      | Reached skill level 1 in Dodging
   129 | D:1      | Reached XP level 3. HP: 22/29 MP: 3/3
  1040 | D:2      | Reached XP level 4. HP: 37/37 MP: 4/4
  1226 | D:2      | Reached XP level 5. HP: 15/42 MP: 5/5
  2153 | D:3      | Noticed an ogre
  2161 | D:3      | Killed an ogre
  2161 | D:3      | Reached XP level 6. HP: 43/48 MP: 6/6
  2860 | D:4      | Reached skill level 5 in Shields
  3223 | D:4      | Reached XP level 7. HP: 42/54 MP: 7/7
  3339 | D:5      | Entered Level 5 of the Dungeon
  3796 | D:5      | Noticed Crazy Yiuf
  3805 | D:5      | Killed Crazy Yiuf
  3805 | D:5      | Reached skill level 5 in Fighting
  4072 | D:5      | Identified a scroll of acquirement
  4073 | D:5      | Got an iridescent great sword
  4074 | D:5      | Identified the +7 great sword "Azem" {slice, *Contam rF++ Str+2} (You acquired it on level 5 of the Dungeon)
  4111 | D:5      | Reached skill level 6 in Fighting
  4272 | D:5      | Reached XP level 8. HP: 65/65 MP: 8/8
  4592 | D:5      | Reached skill level 7 in Fighting
  4883 | D:6      | Reached skill level 5 in Armour
  4909 | D:6      | Found a blossoming altar of Fedhas.
  5138 | D:6      | Found a staircase to the Ecumenical Temple.
  5147 | Temple   | Entered the Ecumenical Temple
  5203 | Temple   | Became a worshipper of Elyvilon the Healer
  5267 | D:6      | Noticed Sigmund
  5283 | D:6      | Killed Sigmund
  5283 | D:6      | Reached XP level 9. HP: 67/72 MP: 8/11
  5336 | D:6      | Reached skill level 5 in Invocations
  6516 | D:7      | Reached skill level 8 in Invocations
  6613 | D:7      | Reached skill level 9 in Invocations
  7005 | D:7      | Reached XP level 10. HP: 72/79 MP: 16/16
  7163 | D:8      | Reached skill level 5 in Long Blades
  7216 | D:8      | Acquired Elyvilon's first power
  7239 | D:8      | Gained mutation: Scrolls take you a little longer to read. [mutagenic glow]
  7259 | D:8      | Gained mutation: Your magical capacity is low (-10% MP). [mutagenic glow]
  7474 | D:8      | Found a staircase to the Lair.
  7497 | D:8      | Noticed Grum
  7515 | D:8      | Killed Grum
  7696 | D:8      | Noticed Erolcha
  7714 | D:8      | Killed Erolcha
  7760 | D:8      | Reached skill level 10 in Shields
  7905 | D:8      | Reached XP level 11. HP: 84/84 MP: 15/15
  8074 | D:8      | Noticed Joseph
  8082 | D:8      | Killed Joseph
  8104 | D:8      | Lost mutation: Your magical capacity is low (-10% MP). [potion of cure mutation]
  8104 | D:8      | Lost mutation: Scrolls take you a little longer to read. [potion of cure mutation]
  8138 | D:8      | Reached skill level 5 in Dodging
  8604 | D:9      | Reached skill level 5 in Crossbows
  8711 | D:9      | Found a staircase to the Orcish Mines.
  8760 | D:9      | Acquired Elyvilon's second power
  8780 | D:9      | Noticed Pikel
  8788 | D:9      | Killed Pikel
  9502 | D:10     | Entered Level 10 of the Dungeon
  9546 | Orc:1    | Entered Level 1 of the Orcish Mines
  9901 | Orc:2    | Found a runed door.
 10158 | Orc:1    | Found a roughly hewn altar of Beogh.
 10247 | Orc:3    | Acquired Elyvilon's third power
 10670 | Orc:3    | Noticed an orc warlord
 10704 | Orc:3    | Killed an orc warlord
 10704 | Orc:3    | Reached XP level 12. HP: 45/94 MP: 0/18
 10997 | Orc:3    | Noticed an orc high priest
 11025 | Orc:3    | Killed an orc high priest
 11150 | Orc:3    | Found a roughly hewn altar of Beogh.
 11345 | Orc:2    | Noticed Maurice
 11351 | Orc:2    | Killed Maurice
 11351 | Orc:2    | Reached skill level 10 in Fighting
 11711 | Orc:1    | Acquired Elyvilon's fourth power
 11952 | Orc:2    | Noticed Urug
 11973 | Orc:2    | Killed Urug
 12158 | Orc:4    | Entered Level 4 of the Orcish Mines
 12395 | Orc:4    | Noticed Murumi's ghost (powerful FoFi)
 12431 | Orc:4    | Killed Murumi's ghost
 12700 | Orc:4    | Reached skill level 10 in Invocations
 13216 | Orc:4    | Found a roughly hewn altar of Beogh.
 13294 | Orc:4    | Reached XP level 13. HP: 74/103 MP: 20/20
 13302 | Orc:4    | Reached skill level 10 in Armour
 13665 | Orc:4    | Found Etas's Weapon Emporium.
 13676 | Orc:4    | Found Bojusy's Food Shoppe.
 13885 | Orc:4    | Found a staircase to the Elven Halls.
 13945 | Orc:4    | Reached skill level 11 in Shields
 13973 | Orc:4    | Got a slimy turquoise ring
 13975 | Orc:4    | Identified the ring "Sunu" {Ice rPois Int+4 Dex-3 Stlth+} (You found it on level 4 of the Orcish Mines)
 14083 | Orc:4    | Noticed an orc warlord
 14345 | Orc:4    | Killed an orc warlord
 14582 | Orc:4    | Noticed an orc high priest
 15123 | Orc:4    | Killed an orc high priest
 15157 | Orc:4    | Found Gonikhli's Magic Scroll Shoppe.
 15170 | Orc:4    | Bought a scroll of acquirement for 728 gold pieces
 15182 | Orc:4    | Found a roughly hewn altar of Beogh.
 15197 | Orc:4    | Noticed an orc high priest
 15368 | Orc:4    | Killed an orc high priest
 15431 | Orc:4    | Found Facid's Book Emporium.
 15466 | Orc:4    | Noticed an orc high priest
 15467 | Orc:4    | Noticed an orc high priest
 15549 | Orc:4    | Killed an orc high priest
 15738 | Orc:4    | Noticed an orc high priest
 15765 | Orc:4    | Killed an orc high priest
 15794 | Orc:4    | Noticed an orc high priest
 16049 | Orc:4    | Killed an orc high priest
 16101 | Orc:4    | Killed an orc high priest
 16762 | Lair:1   | Entered Level 1 of the Lair of Beasts
 16767 | Lair:1   | Noticed Gastronok
 16791 | Lair:1   | Killed Gastronok
 16978 | Lair:1   | Reached XP level 14. HP: 110/113 MP: 22/22
 17272 | Lair:1   | Reached skill level 12 in Shields
 17900 | Lair:2   | Acquired Elyvilon's fifth power
 19808 | Lair:4   | Found a staircase to the Snake Pit.
 21376 | Lair:5   | Found a staircase to the Shoals.
 21381 | Lair:5   | Reached skill level 13 in Shields
 22045 | Lair:6   | Found a labyrinth entrance.
 22061 | Lab      | Entered a labyrinth
 22149 | Lab      | Reached XP level 15. HP: 120/120 MP: 24/24
 22334 | Lab      | Got a heavily runed granite ring
 22337 | Lab      | Identified the Guide on Orientation
 22355 | Lair:6   | Identified the ring "Afofyul" {Fire *Contam *Confuse Int+4 Stlth+} (You found it in a labyrinth)
 22417 | Lair:6   | Gained mutation: You are weak. (Str -2) [mutagenic glow]
 23233 | Lair:6   | Gained mutation: Your spells are a little harder to cast, but a little more powerful. [potion of beneficial mutation]
 24284 | Lair:7   | Reached skill level 14 in Shields
 24488 | Lair:8   | Entered Level 8 of the Lair of Beasts
 24538 | Lair:8   | Found a staircase to the Slime Pits.
 25761 | Lair:8   | Reached skill level 10 in Long Blades
 25894 | Lair:8   | Reached XP level 16. HP: 69/127 MP: 26/26
 26115 | Lair:8   | Reached skill level 10 in Crossbows
 26558 | Snake:1  | Entered Level 1 of the Snake Pit
 28038 | Snake:1  | Reached skill level 15 in Shields
 29658 | Snake:1  | Reached skill level 16 in Shields
 30811 | D:10     | Noticed a cyclops
 30811 | D:10     | Noticed Erica
 30820 | D:10     | Killed Erica
 30825 | D:10     | Killed a cyclops
 31617 | D:11     | Found Hofiephu's Armour Shoppe.
 31624 | D:11     | Found Zoex's Gadget Shop.
 31633 | D:11     | Reached skill level 15 in Invocations
 31700 | D:11     | Found a portal to a secret trove of treasure.
 31700 | D:11     | Found a shadowy altar of Dithmenos.
 31755 | D:11     | Found Utuezuon's Armour Shoppe.
 31776 | D:11     | Bought a +2 pair of gloves for 231 gold pieces
 31957 | D:11     | Found Leiptiyt's Weapon Shoppe.
 31980 | D:11     | Found Rodarrur's Weapon Emporium.
 32377 | D:12     | Found an iron altar of Okawaru.
 32538 | D:12     | Reached XP level 17. HP: 128/133 MP: 28/28
 32945 | D:12     | Got an ichor-stained cloak
 32946 | D:12     | Identified the +1 cloak "Jyqedd" {MR+} (You found it on level 12 of the Dungeon)
 33546 | D:13     | Found a gate to the Vaults.
 34175 | D:14     | Found a large runed door.
 34176 | D:14     | Found a large runed door.
 34910 | D:14     | Noticed Kirke
 34916 | D:14     | Noticed a sphinx
 34920 | D:14     | Killed Kirke
 35067 | D:14     | Killed from afar by a frost giant

Vault maps used:
D:1:      eino_arrival_cavern_a, minmay_misc_feat_rows
D:5:      first_bread, kennysheep_generic_room_16, uniq_crazy_yiuf_cottage
D:6:      nicolae_overflow_crystal_walls, lemuel_temple_firewalk_marked,
          lightli_orcish_oven, uniq_sigmund
D:8:      dpeg_lair_monsters, hangedman_little_slice_of_home, minivault_19,
          uniq_grum, uniq_erolcha, uniq_joseph
D:9:      minmay_orc_entry_guard_dogs, mrwooster_statue_mirror, uniq_pikel
D:10:     basic_loot_grate_trap, hangedman_abyss_or_decor_jellyfish_corner,
          uniq_erica
D:11:     enter_trove_0, serial_shops, nicolae_shop_waterfront,
          nicolae_shop_behind_doors, nicolae_shop_statue_plus,
          nicolae_shop_stone, shop, st_stairs_8, grunt_dithmenos_smoke
D:12:     evilmike_iron_armoury, hangedman_decor_lopped
D:13:     lightli_vaults_fourway_checkpoint, special_room
D:14:     roderic_serpentine_path, jmf_multi_god_temple2, uniq_kirke
Temple:   grunt_circular_temple_18
Lair:1:   uniq_gastronok
Lair:2:   grunt_megastairs_1, infiniplex_staircase_pool
Lair:3:   lemuel_fruit_fields
Lair:4:   dummy_snake_entry, st_stairs_4
Lair:5:   elwin_shoals_entry_rooms, grunt_forest_stairs_basic,
          serial_bayou_lagoon_a, grunt_megastairs_4, lemuel_fruit_fields
Lair:6:   lab_entry_generic, special_room
Lair:7:   grunt_forest_large_clearings
Lair:8:   evilmike_catoblepas_cave, slime_dummy, minmay_hedge_maze,
          lemuel_fruit_fields
Orc:1:    nicolae_orc_accident_2
Orc:2:    lightli_church_of_beogh, uniq_urug, uniq_maurice
Orc:3:    nicolae_orc_pool_cavern, nicolae_orc_stony_grotto,
          kennysheep_orc_chapel
Orc:4:    pubby_orc_utopia
Lab:      nicolae_lab_dead_adventurers, nicolae_lab_quarters,
          nicolae_lab_do_over, lab_hedge, labyrinth_baited_teleportation_trap,
          nicolae_lab_starburst

Action                   |  1- 3 |  4- 6 |  7- 9 | 10-12 | 13-15 | 16-18 || total
-------------------------+-------+-------+-------+-------+-------+-------++-------
Melee: Long sword        |   138 |   193 |    85 |       |       |       ||   416
       Great sword       |       |       |   164 |   898 |  1349 |  1072 ||  3483
Invok: Lesser Healing    |       |       |       |       |     3 |     8 ||    11
       Heal Other        |       |       |       |       |     9 |     5 ||    14
       Purification      |       |       |       |       |       |     1 ||     1
 Abil: Dig               |       |     1 |     4 |    17 |    17 |    19 ||    58
Evoke: Wand              |       |       |       |       |     2 |       ||     2
  Use: Scroll            |     3 |     4 |     8 |     7 |    13 |     2 ||    37
       Potion            |       |     1 |       |     5 |     2 |       ||     8
  Eat: Bread ration      |     1 |       |       |       |       |       ||     1
       Chunk             |       |     4 |    10 |    24 |    46 |    23 ||   107
       Beef jerky        |       |       |     1 |       |     2 |     8 ||    11
       Pizza             |       |       |       |     1 |     1 |       ||     2
       Fruit             |       |       |       |       |       |     2 ||     2
